 Dungeon Crawl Stone Soup version 0.29-a0-9-g022ca4c890 (webtiles) character file.

Game seed: 17955449287089218245

15 Grim the Cudgeller (level 2, 26/26 HPs)
             Began as a Minotaur Berserker on Jan 28, 2022.
             Was a Follower of Trog.
             Quit the game on level 1 of the Dungeon.
             The game lasted 00:00:51 (761 turns).

Grim the Cudgeller (Minotaur Berserker)              Turns: 761, Time: 00:00:51

Health: 26/26      AC:  2    Str: 21    XL:     2   Next: 34%
Magic:  1/1        EV: 12    Int:  4    God:    Trog [*.....]
Gold:   22         SH:  0    Dex:  9    Spells: 1/1 levels left

rFire   . . .      SeeInvis .   a - +0 mace
rCold   . . .      Faith    .   (no shield)
rNeg    . . .      Spirit   .   b - +0 animal skin
rPois   .          Reflect  .   (helmet restricted)
rElec   .          Harm     .   (no cloak)
rCorr   .          Rampage  .   (no gloves)
Will    .....                   (no boots)
Stlth   +.........              (no amulet)
HPRegen 0.08/turn               (no ring)
MPRegen 0.07/turn               (no ring)

@: no status effects
A: horns 2, retaliatory headbutt
a: Renounce Religion, Berserk


You were on level 1 of the Dungeon.
You worshipped Trog.
Trog was aware of your devotion.
You visited 1 branch of the dungeon, and saw 1 of its levels.

You collected 22 gold pieces.

Inventory:

Hand Weapons
 a - a +0 mace (weapon)
Missiles
 d - 6 stones (quivered)
Armour
 b - a +0 animal skin (worn)
Scrolls
 f - a scroll of identify {unknown}
Potions
 c - a potion of haste {unknown}
 e - a potion of invisibility {unknown}


   Skills:
 - Level 3.6 Fighting
 + Level 4.6 Maces & Flails
 - Level 2.4 Armour
 - Level 2.1 Dodging


You had one spell level left.
You didn't know any spells.
Your spell library was empty.

Dungeon Overview and Level Annotations

Branches:
Dungeon (1/15)

Altars:


Innate Abilities, Weirdness & Mutations

You have a pair of horns on your head.
You reflexively headbutt those who attack you in melee.


Message History

You kill the hobgoblin!
Trog accepts your kill.
d - 6 stones (gained 2)
You see here a +0 short sword.
You see here a +0 short sword.
You enter the shallow water.
Moving in this stuff is going to be slow.
A ball python comes into view.
A ball python is nearby!
The ball python hisses angrily.
You hit the ball python. You headbutt the ball python.
You kill the ball python!
Trog accepts your kill.
No target in view!
A bat comes into view.
A bat is nearby!
A bat is nearby!
You enter the shallow water.
Moving in this stuff is going to be slow.
The bat hits you but does no damage. The bat completely misses you.
You furiously retaliate!
You headbutt the bat!
You kill the bat!
Trog accepts your kill.
No target in view!
No target in view!
You enter the shallow water.
Moving in this stuff is going to be slow.
Found 25 sling bullets.
e - a puce potion
f - a scroll labelled YMOC AVEIKKIMU
Found a hunting sling.
You see here a +0 hunting sling.
Found a leather armour.
You see here a +0 leather armour.
A kobold and a ball python come into view.
The ball python hisses angrily.
The kobold shouts!
A bat comes into view.
The ball python moves out of view.
You hear a shout! x2
Are you sure you want to abandon this character and quit the game? (Confirm with "yes".)

#.♣.≈b.≈≈≈
.K≈≈♣≈≈.
.....♣. #
..... ###.#
....
.....#..# ##
#.#....##.#
..# #@#.#
#.#.##..#
#....[.##
#####.## #.#
#.# #.# #.#
#.###########


You could see a bat and a kobold.

Vanquished Creatures
  A giant cockroach (D:1)
  2 hobgoblins (D:1)
  A quokka (D:1)
  3 ball pythons (D:1)
  2 bats (D:1)
  2 frilled lizards (D:1)
  3 kobolds (D:1)
14 creatures vanquished.

Notes
Turn   | Place    | Note
-------+----------+-------------------------------------------
     0 | D:1      | Grim the Minotaur Berserker began the quest for the Orb.
     0 | D:1      | Reached XP level 1. HP: 19/19 MP: 0/0
   354 | D:1      | Reached skill level 4 in Maces & Flails
   392 | D:1      | Reached XP level 2. HP: 12/26 MP: 1/1
   761 | D:1      | Quit the game

Illustrated notes

Levels and vault maps discovered:
D:1:      tarquinn_simple_flora_water_b, layout_loops_cross,
          shapermc_ecumenical_altar_hornbeckon, serial_bayou,
          serial_bayou_crossing, serial_bayou_pond_b, serial_bayou_pond_d,
          serial_bayou_lagoon_a, amcnicky_mini_rare_corridor_liquid,
          serial_park_tiny_pond

Skill      XL: |  1 |
---------------+----+-----
Maces & Flails | 4 |  4.6
Fighting       | |  3.6
Armour         | |  2.4
Dodging        | |  2.1

Action                   || total
-------------------------++-------
Melee: Mace              ||    21
       Headbutt          ||     1
       Punch             ||     1
 Stab: Sleeping          ||     1
Armor: Animal skin       ||     4
Dodge: Dodged            ||    15

Table legend: (Time is in decaauts)
 A = Elapsed time spent in this place.
 B = Non-inter-level travel time spent in this place.
 C = Inter-level travel time spent in this place.
 D = Time resting spent in this place.
 E = Time spent auto-exploring this place.
 F = Levels seen in this place.
 G = Mean time per level.
                   A        B        C        D        E       F      G
               +--------+--------+--------+--------+--------+-----+--------+
         Total |    779 |    779 |      0 |    165 |    537 |   1 |  779.0 |
       Dungeon |    779 |    779 |      0 |    165 |    537 |   1 |  779.0 |
               +--------+--------+--------+--------+--------+-----+--------+

Top non-repeatable levels by time:
     D:1: 779 daAuts
